 Dungeon Crawl Stone Soup version 0.27-a0-1319-geec4fb4e21 (webtiles) character file.

Game seed: 9625127730698397037

2 flotson the Sneak (level 1, -1/18 HPs)
             Began as a Demonspawn Delver on June 21, 2021.
             Slain by a hound (3 damage)
             ... on level 5 of the Dungeon.
             The game lasted 00:00:58 (138 turns).

flotson the Sneak (Demonspawn Delver)                Turns: 138, Time: 00:00:59

Health: -1/18      AC:  5    Str: 12    XL:     1   Next: 33%
Magic:  1/1        EV: 10    Int: 11    God:
Gold:   0          SH:  0    Dex: 14    Spells: 0/0 levels left

rFire    . . .     SeeInvis .   a - +0 hand axe
rCold    . . .     Faith    .   (no shield)
rNeg     . . .     Spirit   .   h - +0 ring mail
rPois    .         Reflect  .   (no helmet)
rElec    .         Harm     .   (no cloak)
rCorr    .         Rampage  .   (no gloves)
Will     .....                  (no boots)
Stlth    ++........             (no amulet)
HPRegen  0.06/turn              (no ring)
MPRegen  0.07/turn              (no ring)

@: attractive
A: no striking features
a: no special abilities


You were on level 5 of the Dungeon.
You visited 1 branch of the dungeon, and saw 1 of its levels.

Inventory:

Hand Weapons
 a - a +0 hand axe (weapon)
Armour
 f - the +0 buckler "Hycyas" {rC+ rCorr Int+3 Dex-2}
   (You found it on level 5 of the Dungeon)

   It affects your intelligence (+3).
   It affects your dexterity (-2).
   It protects you from cold.
   It protects you from acid and corrosion.
 h - a +0 ring mail (worn)
Wands
 g - a wand of digging (3)
Scrolls
 c - a scroll of fog


   Skills:
 + Level 3.0 Fighting
 + Level 1.8 Axes
 + Level 0.1 Armour
 + Level 1.8 Dodging
 - Level 4.5 Stealth


You couldn't memorise any spells.
You didn't know any spells.
Your spell library was empty.

Dungeon Overview and Level Annotations

Branches:
Dungeon (5/15)             Temple (0/1) D:5

Altars:


Message History

Okay, then.
The hound closely misses you.
Found a puce potion.
As you read the scroll of magic mapping, it crumbles to dust.
You feel aware of your surroundings.
You sensed 1 altar, and 3 shops/portals.
The hound bites you.
* * * LOW HITPOINT WARNING * * *
Found a stone staircase leading up.
Found an escape hatch in the ceiling.
Found a hunting sling.
There is a stone staircase leading up here.
Found 14 gold pieces.
Found a stone staircase leading up.
The hound stops to sniff the ground.
There is a stone staircase leading up here.
Found 16 arrows.
There is a stone staircase leading up here.
Your extra speed is starting to run out.
Unknown command.
It was a potion of attraction.
You feel attractive to monsters. The hound bites you but does no damage.
As you read the scroll labelled WUPLYI USARGH, it crumbles to dust.
It is a scroll of identify.
You don't have any unidentified items.
The hound closely misses you.
You hit the hound but do no damage.
You feel yourself slow down. The hound bites you but does no damage.
You hit the hound.
The hound is moderately wounded.
The hound bites you.
* * * LOW HITPOINT WARNING * * *
You closely miss the hound.
The hound is moderately wounded.
The hound bites you but does no damage. The hound closely misses you.
You hit the hound.
The hound is moderately wounded.
The hound bites you.
You die...

*,,...,#<.....#.#...#.#
***#.#*#......#........
##.###...........##.#
#.).....<#######.##.#
#...####.# #.#..#
####...####.#####
#.#.##
#....$..........#
#.#.**
#(##..#h.##.###.#
#..,,, *,*#..#@.##.#
*,***..,,,
*,*#..<.....#
*,,,,,,,,,
*,*####.#####
*****,,,,, *,****#.#
**,,,* *,,,,,..# **,**
******### *,** *,,,
*,,, **,,


You could see a hound.

Vanquished Creatures
  A dart slug (D:5)
1 creature vanquished.

Notes
Turn   | Place    | Note
-------+----------+-------------------------------------------
     0 | D:5      | flotson the Demonspawn Delver began the quest for the Orb.
     0 | D:5      | Reached XP level 1. HP: 18/18 MP: 1/1
    84 | D:5      | Noticed a hound
    91 | D:5      | Identified the +0 buckler "Hycyas" {rC+ rCorr Int+3 Dex-2}
   138 | D:5      | Slain by a hound

Illustrated notes

Levels and vault maps discovered:
D:5:      layout_loops_cross, minmay_temple_entry_crystal_x,
          ebering_ghost_gozag, uniq_sigmund

Action                   || total
-------------------------++-------
Melee: Hand axe          ||    14
  Use: Scroll            ||     3
       Potion            ||     2
Armor: Ring mail         ||     4
Dodge: Dodged            ||     8

Table legend: (Time is in decaauts)
 A = Elapsed time spent in this place.
 B = Non-inter-level travel time spent in this place.
 C = Inter-level travel time spent in this place.
 D = Time resting spent in this place.
 E = Time spent auto-exploring this place.
 F = Levels seen in this place.
 G = Mean time per level.
                   A        B        C        D        E       F      G
               +--------+--------+--------+--------+--------+-----+--------+
         Total |    126 |    126 |      0 |      0 |     53 |   1 |  126.0 |
       Dungeon |    126 |    126 |      0 |      0 |     53 |   1 |  126.0 |
               +--------+--------+--------+--------+--------+-----+--------+

Top non-repeatable levels by time:
     D:5: 126 daAuts
